 Dungeon Crawl Stone Soup version 0.24-a0-537-g2d01d4ab0a (webtiles) character file.

Game seed: 13538696624963277774

1540 Aggronaut the Covert (level 8, -2/36 HPs)
             Began as a Spriggan Enchanter on Aug 16, 2019.
             Was an Initiate of Dithmenos.
             Slain by Harold
             ... wielding a +0 broad axe of flaming
              (3 damage)
             ... on level 7 of the Dungeon.
             The game lasted 00:27:45 (6685 turns).

Aggronaut the Covert (Spriggan Enchanter)           Turns: 6685, Time: 00:27:49

Health: -2/36      AC:  7    Str:  5    XL:     8   Next: 56%
Magic:  2/13       EV: 18    Int: 17    God:    Dithmenos [......]
Gold:   279        SH:  0    Dex: 17    Spells: 3/12 levels left

rFire    . . .     SeeInvis +   a - +2 dagger
rCold    . . .     Gourm    .   (shield restricted)
rNeg     . . .     Faith    .   b - +1 robe
rPois    .         Spirit   .   (helmet restricted)
rElec    .         Reflect  .   x - +0 cloak
rCorr    .         Harm     .   (gloves unavailable)
MR       +....                  (boots unavailable)
Stlth    +++++.....             o - amulet of rage
HPRegen  0.12/turn              r - +3 ring of protection
MPRegen  0.13/turn              k - ring of wizardry

@: marked, very slightly contaminated, invisible, very quick
A: very small, unfitting armour, see invisible, herbivore, speed 3, slow
metabolism 2
a: Renounce Religion, Evoke Berserk Rage


You were on level 7 of the Dungeon.
You worshipped Dithmenos.
Dithmenos was noncommittal.
You were not hungry.

You visited 2 branches of the dungeon, and saw 8 of its levels.

You collected 279 gold pieces.

Inventory:

Hand Weapons
 a - a +2 dagger (weapon)
 l - a +0 arbalest
Missiles
 t - 18 boomerangs (quivered)
Armour
 b - a +1 robe (worn)
 x - a +0 cloak (worn)
Jewellery
 e - an uncursed ring of protection from fire
 h - a +3 ring of protection
 k - a ring of wizardry (right hand)
 o - an amulet of rage (around neck)
 q - a +4 ring of intelligence
 r - a +3 ring of protection (left hand)
Wands
 p - a wand of clouds (7)
Scrolls
 g - 2 scrolls of remove curse
Potions
 c - a potion of heal wounds
 i - 3 potions of curing
 j - 2 potions of brilliance
 m - a potion of ambrosia {unknown}
 s - 2 potions of lignification {unknown}
 u - a potion of haste
 v - a potion of agility {unknown}
Comestibles
 d - 12 rations


   Skills:
 * Level 6.9 Short Blades
 - Level 3.0 Dodging
 + Level 10.4 Stealth
 - Level 2.7 Spellcasting
 - Level 8.2 Hexes


You had 3 spell levels left.
You knew the following spells:

 Your Spells              Type           Power        Failure   Level  Hunger
a - Corona                Hex            ####...      1%          1    #......
b - Ensorcelled Hibernat  Hex/Ice        ###...       1%          2    ##.....
c - Confuse               Hex            ####....     1%          3    ###....
d - Dazzling Spray        Conj/Hex       ###...       4%          3    ###....

Your spell library contained the following spells:

 Spells                   Type           Power        Failure   Level  Hunger
 Slow                     Hex            ####....     1%          2    ##.....
 Tukima's Dance           Hex            ####....     1%          3    ###....
 Magic Dart               Conj           #...         8%          1    #......
 Blink                    Tloc           N/A          11%         2    ##.....
 Call Imp                 Summ           #.......     11%         2    ##.....
 Conjure Flame            Conj/Fire      #.......     21%         3    ###....
 Mephitic Cloud           Conj/Pois/Air  #.......     21%         3    ###....


Dungeon Overview and Level Annotations

Branches:
Dungeon (7/15)             Temple (1/1) D:5

Altars:
Ashenzari
Cheibriados
Dithmenos
Elyvilon
Fedhas
Gozag
Hepliaklqana
Kikubaaqudgha
Makhleb
Nemelex Xobeh
Okawaru
Qazlal
Ru
Sif Muna
Trog
Uskayaw
Wu Jian
Yredelemnul
Zin
The Shining One

Annotations:
D:7 Harold


Innate Abilities, Weirdness & Mutations

You are very small and have problems with some larger weapons.
You are too small for most types of armour.
You have supernaturally acute eyesight. (SInv)
You are a herbivore.
You cover ground extremely quickly.
You need to consume almost no food.


Message History

The harpoon shot hits you!
* * * LOW HITPOINT WARNING * * *
You are yanked forward by the harpoon shot.
Okay, then.
You fade into invisibility!
You are very lightly contaminated with residual magic.
You hit Harold.
Harold is lightly wounded.
Harold says, "Listen, it's nothing personal.
It's just a job."
Casting: Ensorcelled Hibernation (safe; 1% risk of failure)
Confirm with . or Enter, or press ? or * to list all spells.
Aiming: Ensorcelled Hibernation (safe; 1% risk of failure)
Press: ? - help, Shift-Dir - straight line, f/p - Harold
Aim: Harold, wielding a +0 broad axe of flaming and wearing a +0 scale mail (chance to defeat MR: 16%) Harold resists with almost no effort.
Harold says, "My wife will appreciate not having to wash blood out of my clothes anymore."
Harold hits you with a +0 broad axe of flaming!
* * * LOW HITPOINT WARNING * * *
Harold burns you.
You die...

###r(....W..#.### #@..####.##.#
#.#..##.....#
###########.##..#...###
###..rWc...c..###[#... ####
######..r########### #.#.. #<..
........### #.### #...
..........############.# #.).
........#rcW..@@.......######...
#####################.........[.
##.######<.. #..#.......
###.#.###... #.......####
#.......# #.......# #########


You could see Harold, a phantom, a centaur and a quokka.

Vanquished Creatures
  Duvessa (D:5)
  2 sky beasts
  An ice beast (D:5)
  A necrophage (D:6)
  An ogre (D:6)
  A centaur (D:5)
  A bullfrog (D:4)
  A wyvern skeleton (D:6)
  Dowan (D:5)
  2 scorpions (D:4)
  A howler monkey (D:7)
  2 crimson imps (D:5)
  A hound (D:6)
  2 orc priests
  2 orc wizards (D:6)
  A centaur skeleton (D:4)
  2 jellies (D:6)
  An iguana (D:4)
  2 worker ants
  A hound skeleton (D:5)
  Robin (D:2)
  A worker ant zombie (D:6)
  7 adders
  2 shadow imps
  An adder zombie (D:5)
  2 worms
  2 dart slugs
  3 leopard geckos
  10 orcs
  2 ball pythons (D:3)
  7 bats
  5 giant cockroaches
  21 goblins
  6 hobgoblins
  2 jackals (D:4)
  3 kobolds
  3 quokkas
  A frilled lizard (D:2)
  A leopard gecko zombie (D:5)
  2 quokka skeletons (D:4)
  7 rats
116 creatures vanquished.

Vanquished Creatures (others)
  An adder (D:3)
  A quokka (D:3)
  A rat (D:3)
3 creatures vanquished.

Grand Total: 119 creatures vanquished

Notes
Turn   | Place    | Note
-------+----------+-------------------------------------------
     0 | D:1      | Aggronaut the Spriggan Enchanter began the quest for the
                  | Orb.
     0 | D:1      | Reached XP level 1. HP: 9/9 MP: 5/5
   338 | D:1      | Reached XP level 2. HP: 13/13 MP: 6/6
   890 | D:2      | Reached skill level 5 in Stealth
   905 | D:2      | Noticed Robin
  1253 | D:2      | You fall into a shaft and drop 2 floors!
  1327 | D:3      | Learned a level 2 spell: Ensorcelled Hibernation
  1468 | D:3      | Reached XP level 3. HP: 16/16 MP: 4/8
  1705 | D:3      | Found a white marble altar of Elyvilon.
  1938 | D:3      | Reached skill level 5 in Hexes
  2046 | D:4      | Reached XP level 4. HP: 19/21 MP: 1/9
  2936 | D:2      | Reached skill level 6 in Stealth
  2946 | D:2      | Killed Robin
  3473 | D:4      | Reached XP level 5. HP: 22/24 MP: 8/10
  3653 | D:4      | Learned a level 3 spell: Confuse
  3657 | D:4      | Learned a level 3 spell: Dazzling Spray
  4010 | D:4      | Reached skill level 7 in Stealth
  4010 | D:4      | Reached XP level 6. HP: 28/28 MP: 8/11
  4076 | D:5      | Entered Level 5 of the Dungeon
  4080 | D:5      | Found a basalt altar of Yredelemnul.
  4219 | D:5      | Found a staircase to the Ecumenical Temple.
  4220 | D:5      | Noticed Dowan
  4391 | D:5      | Killed Dowan
  4510 | D:5      | Reached skill level 8 in Stealth
  4510 | D:5      | Reached XP level 7. HP: 29/32 MP: 8/12
  4631 | Temple   | Entered the Ecumenical Temple
  4844 | Temple   | Became a worshipper of Dithmenos the Shadowed
  4899 | D:5      | Noticed Duvessa
  5308 | D:5      | Killed Duvessa
  5693 | D:5      | Reached skill level 9 in Stealth
  5730 | D:5      | Found an opulent altar of Gozag.
  5792 | D:6      | Reached skill level 5 in Short Blades
  5792 | D:6      | Reached XP level 8. HP: 36/36 MP: 4/13
  6104 | D:6      | Reached skill level 10 in Stealth
  6371 | D:6      | Found a stormy altar of Qazlal.
  6371 | D:6      | Found a shattered altar of Ashenzari.
  6371 | D:6      | Found a snail-covered altar of Cheibriados.
  6620 | D:7      | Noticed Harold
  6685 | D:7      | HP: 1/36 [Harold/+0 broad axe of flaming (9)]
  6685 | D:7      | Slain by Harold

Levels and vault maps discovered:
D:1:      dpeg_arrival_snail, layout_basic, feat_on_display
D:2:      layout_rooms, uniq_robin
D:3:      layout_rooms, elyvilon_altar_4, st_stairs_9
D:4:      layout_loops_cross, first_ration, kennysheep_generic_room_9
D:5:      layout_gridville, lemuel_crystal_altar, minmay_temple_entry_overgrown,
          lemuel_tele_altar, uniq_duvessa
D:6:      layout_basic, gammafunk_temple_overflow_forgotten, minmay_statues_item
D:7:      layout_rooms, uniq_harold
Temple:   regret_index_temple_generic_petals

Skill      XL: |  1  2  3  4  5  6  7  8 |
---------------+-------------------------+-----
Hexes          | 4 5 6 7 8 |  8.2
Stealth        | 5 6 7 8 9 10 | 10.4
Short Blades   | 5 6 |  6.9
Dodging        | |  3.0
Spellcasting   | |  2.7

Action                   |  1- 3 |  4- 6 |  7- 9 || total
-------------------------+-------+-------+-------++-------
Melee: Dagger            |   161 |   173 |   185 ||   519
Throw: Boomerang         |     3 |       |       ||     3
 Cast: Corona            |     6 |     1 |       ||     7
       Ensorcelled Hiber |    11 |    38 |    28 ||    77
       Dazzling Spray    |       |     1 |     7 ||     8
       Confuse           |       |       |     6 ||     6
  Use: Scroll            |       |    14 |     4 ||    18
       Potion            |       |       |     2 ||     2
 Stab: Sleeping          |    11 |    24 |    23 ||    58
       Distracted        |     1 |       |       ||     1
       Confused          |       |       |     4 ||     4
       Invisible         |       |       |     1 ||     1
  Eat: Ration            |       |     2 |     3 ||     5
Armor: Robe              |    15 |    38 |    29 ||    82
Dodge: Dodged            |   154 |   158 |   123 ||   435

Table legend:
 A = Non-vault XP
 B = Vault XP
 C = Vault XP percentage of total XP
 D = Non-vault monster count
 E = Vault monster count
 F = Vault count percentage of total count
                 A         B        C        D         E       F
            +---------+---------+-------+---------+---------+-------
      Total |    1940 |     260 |  11.8 |      99 |      17 |  14.7
            +---------+---------+-------+---------+---------+-------
        D:1 |      34 |       0 |   0.0 |      19 |       0 |   0.0
        D:2 |      35 |      35 |  50.0 |      14 |      12 |  46.2
        D:3 |      32 |       9 |  22.0 |      12 |       3 |  20.0
        D:4 |     391 |       0 |   0.0 |      19 |       0 |   0.0
        D:5 |     574 |     216 |  27.3 |      15 |       2 |  11.8
        D:6 |     766 |       0 |   0.0 |      16 |       0 |   0.0
        D:7 |     108 |       0 |   0.0 |       4 |       0 |   0.0
            +---------+---------+-------+---------+---------+-------
